BSA
BOSTON REBELS @ KANSAS CITY KINGS
09/10/2030
 
TOP OF THE 1ST
Boston Rebels batting - Pitching for Kansas City Kings : RHP Luis Vargas
Pitching: RHP Luis Vargas
Batting: LHB Paco Córdova 0-0: Ball
1-0: Called Strike
1-1: Swinging Strike
1-2: Strikes out swinging
Batting: RHB Ken McDonald 0-0: Ground out 5-3 (Groundball, 56)
Batting: RHB Tony Long 0-0: SINGLE (Flyball, 78S)
Batting: LHB Gabriel Aragón 0-0: Called Strike
0-1: Ball
1-1: Foul Ball, location: 2F
1-2: Foul Ball, location: 2F
1-2: Foul Ball, location: 2F
1-2: Foul Ball, location: 2F
1-2: Strikes out looking
Top of the 1st over - 0 runs, 1 hit, 0 errors, 1 left on base; Boston 0 - Kansas City 0
BOTTOM OF THE 1ST
Kansas City Kings batting - Pitching for Boston Rebels : RHP Nathan Walters
Pitching: RHP Nathan Walters
Batting: LHB Brian Easdale 0-0: Ball
1-0: Ground out 5-3 (Groundball, 5)
Batting: RHB Chris Chandler 0-0: Ball
1-0: Ball
2-0: Ground out 1-3 (Groundball, 15S)
Batting: RHB Rafael Carreón 0-0: Swinging Strike
0-1: SINGLE (Groundball, 56D)
Batting: SHB Douglas Taylor 0-0: Foul Ball, location: 2F
0-1: Foul Ball, location: 2F
0-2: Ground out 1-3 (Groundball, 15S)
Bottom of the 1st over - 0 runs, 1 hit, 0 errors, 1 left on base; Boston 0 - Kansas City 0
TOP OF THE 2ND
Boston Rebels batting - Pitching for Kansas City Kings : RHP Luis Vargas
Batting: RHB Randy Simons 0-0: Called Strike
0-1: Foul Ball, location: 2F
0-2: Ball
1-2: Foul Ball, location: 2F
1-2: Foul Ball, location: 2F
1-2: Ball
2-2: Foul Ball, location: 2F
2-2: Ball
3-2: SINGLE (Line Drive, 56D)
Batting: RHB Alfredo Cortéz 0-0: Foul Ball, location: 2F
0-1: Ball
1-1: Ground out 5-3 (Groundball, 56S)
Randy Simons to second
Batting: RHB Roberto Chávez 0-0: Called Strike
0-1: Ball
1-1: Ball
2-1: Swinging Strike
2-2: Ball
3-2: Strikes out swinging
Batting: RHB David Rodríguez 0-0: Ground out 6-3 (Groundball, 6)
Top of the 2nd over - 0 runs, 1 hit, 0 errors, 1 left on base; Boston 0 - Kansas City 0
BOTTOM OF THE 2ND
Kansas City Kings batting - Pitching for Boston Rebels : RHP Nathan Walters
Batting: RHB Toshimichi Kono 0-0: Ball
1-0: Ball
2-0: Ball
3-0: Swinging Strike
3-1: Called Strike
3-2: Foul Ball, location: 2F
3-2: Base on Balls
Batting: RHB Dave Parker 0-0: Foul Ball, location: 2F
0-1: SINGLE (Groundball, 6MD)
Toshimichi Kono to second
Batting: LHB Ron Crawford 0-0: Called Strike
0-1: Foul Ball, location: 2F
0-2: Ball
1-2: 3-RUN HOME RUN (Flyball, 9D), Distance : 378 ft
Batting: LHB Luis González 0-0: Ground out 3-1 (Groundball, 3S)
Batting: RHB Cy Keynes 0-0: Foul Ball, location: 2F
0-1: Ball
1-1: Ball
2-1: Ground out 4-3 (Groundball, 4)
Batting: LHB Brian Easdale 0-0: Ground out 4-3 (Groundball, 34D)
Bottom of the 2nd over - 3 runs, 2 hits, 0 errors, 0 left on base; Boston 0 - Kansas City 3
TOP OF THE 3RD
Boston Rebels batting - Pitching for Kansas City Kings : RHP Luis Vargas
Batting: SHB Devin Smith 0-0: Called Strike
0-1: Called Strike
0-2: Ball
1-2: Ball
2-2: SINGLE (Line Drive, 78S)
Batting: LHB Paco Córdova Pickoff Throw to First - Error! E1
Devin Smith to second
0-0: Ball
1-0: Foul Ball, location: 2F
1-1: Ball
2-1: Called Strike
2-2: Ground out 4-3 (Groundball, 4)
Devin Smith to third
Batting: RHB Ken McDonald 0-0: Ball
1-0: Called Strike
1-1: Swinging Strike
1-2: Strikes out swinging
Batting: RHB Tony Long 0-0: Ball
1-0: Ball
2-0: Ball
3-0: Base on Balls
Batting: LHB Gabriel Aragón 0-0: Called Strike
0-1: SINGLE (Groundball, 4MD)
Devin Smith scores
Tony Long to second
Batting: RHB Randy Simons 0-0: Called Strike
0-1: SINGLE (Line Drive, 78M)
Tony Long to third
Gabriel Aragón to second
Runner from 3rd tries for Home, SAFE, no throw
Batting: RHB Alfredo Cortéz 0-0: Ball
1-0: Swinging Strike
1-1: Ball
2-1: Foul Ball, location: 2F
2-2: Fly out, F8 (Flyball, 8LS)
Top of the 3rd over - 2 runs, 3 hits, 1 error, 2 left on base; Boston 2 - Kansas City 3
BOTTOM OF THE 3RD
Kansas City Kings batting - Pitching for Boston Rebels : RHP Nathan Walters
Batting: RHB Chris Chandler 0-0: Fly out, F8 (Flyball, 8LS)
Batting: RHB Rafael Carreón 0-0: Foul Ball, location: 2F
0-1: Swinging Strike
0-2: Fly out, F9 (Flyball, 9)
Batting: SHB Douglas Taylor 0-0: Foul Ball, location: 2F
0-1: Called Strike
0-2: Ball
1-2: Ball
2-2: Ball
3-2: Foul Ball, location: 2F
3-2: Base on Balls
Batting: RHB Toshimichi Kono 0-0: Swinging Strike
0-1: Ground out 4-3 (Groundball, 4M)
Bottom of the 3rd over - 0 runs, 0 hits, 0 errors, 1 left on base; Boston 2 - Kansas City 3
TOP OF THE 4TH
Boston Rebels batting - Pitching for Kansas City Kings : RHP Luis Vargas
Batting: RHB Roberto Chávez 0-0: Foul Ball, location: 2F
0-1: Called Strike
0-2: Strikes out swinging
Batting: RHB David Rodríguez 0-0: Ball
1-0: Ball
2-0: Ground out 5-3 (Groundball, 5)
Batting: SHB Devin Smith 0-0: Swinging Strike
0-1: Ball
1-1: Ball
2-1: Foul Ball, location: 2F
2-2: Foul Ball, location: 2F
2-2: Ground out 4-3 (Groundball, 34)
Top of the 4th over - 0 runs, 0 hits, 0 errors, 0 left on base; Boston 2 - Kansas City 3
BOTTOM OF THE 4TH
Kansas City Kings batting - Pitching for Boston Rebels : RHP Nathan Walters
Batting: RHB Dave Parker 0-0: Ball
1-0: Called Strike
1-1: Called Strike
1-2: Strikes out looking
Batting: LHB Ron Crawford 0-0: Ball
1-0: Foul Ball, location: 2F
1-1: Foul Ball, location: 2F
1-2: SINGLE (Groundball, 3D)
Batting: LHB Luis González 0-0: Ball
Ron Crawford steals 2nd base
1-0: Called Strike
1-1: Ball
2-1: Ball
3-1: SINGLE (Line Drive, 8LS)
Ron Crawford to third
Runner from 3rd tries for Home, SAFE, no throw
Batting: RHB Cy Keynes 0-0: Ball
1-0: Ball
2-0: Called Strike
2-1: TRIPLE (Flyball, 89XD)
Luis González scores
Batting: LHB Brian Easdale 0-0: Ball
1-0: Ball
2-0: Called Strike
2-1: Ball
3-1: Foul Ball, location: 2F
3-2: Ground out U3 (Groundball, 3)
Batting: RHB Chris Chandler 0-0: Called Strike
0-1: Ground out U3 (Groundball, 2R)
Bottom of the 4th over - 2 runs, 3 hits, 0 errors, 1 left on base; Boston 2 - Kansas City 5
TOP OF THE 5TH
Boston Rebels batting - Pitching for Kansas City Kings : RHP Luis Vargas
Batting: LHB Paco Córdova 0-0: Called Strike
0-1: Ball
1-1: Fly out, F5 (Popup, 56)
Batting: RHB Ken McDonald 0-0: Ground out 6-3 (Groundball, 6)
Batting: RHB Tony Long 0-0: Fly out, F3 (Popup, 23F)
Top of the 5th over - 0 runs, 0 hits, 0 errors, 0 left on base; Boston 2 - Kansas City 5
BOTTOM OF THE 5TH
Kansas City Kings batting - Pitching for Boston Rebels : RHP Nathan Walters
Batting: RHB Rafael Carreón 0-0: Foul Ball, location: 2F
0-1: Called Strike
0-2: Reached on error, E4 (Groundball, 4)
Batting: SHB Douglas Taylor 0-0: Fielders Choice at 2nd, 1-4 (Groundball, 15S)
Batting: RHB Toshimichi Kono 0-0: Ball
1-0: Ball
2-0: DOUBLE (Groundball, 5L)
Douglas Taylor to third
Runner from 3rd tries for Home, SAFE, no throw
Pitching: LHP Nelson Béltre
Batting: RHB Dave Parker 0-0: Intentional Walk
Batting: LHB Ron Crawford 0-0: Swinging Strike
0-1: Ball
1-1: SINGLE (Groundball, 34D)
Toshimichi Kono to third
Dave Parker to second
Runner from 3rd tries for Home, SAFE, no throw
Batting: LHB Luis González 0-0: Grounds into double play, 4-6-3 (Groundball, 4)
Bottom of the 5th over - 2 runs, 2 hits, 1 error, 1 left on base; Boston 2 - Kansas City 7
TOP OF THE 6TH
Boston Rebels batting - Pitching for Kansas City Kings : RHP Luis Vargas
Batting: LHB Gabriel Aragón 0-0: Called Strike
0-1: SINGLE (Line Drive, 8RM)
Batting: RHB Randy Simons 0-0: Called Strike
0-1: Ball
1-1: SINGLE (Groundball, 4D)
Gabriel Aragón to second
Runner from 2nd tries for 3rd, SAFE, no throw
Batting: RHB Alfredo Cortéz 0-0: Foul Ball, location: 2F
0-1: Ball
1-1: Swinging Strike
1-2: Strikes out swinging
Batting: RHB Roberto Chávez 0-0: Ball
1-0: Ball
Randy Simons is caught stealing 2nd base
2-0: SINGLE (Groundball, 5S) (infield hit)
Gabriel Aragón scores
Batting: RHB David Rodríguez 0-0: Ball
1-0: Ball
2-0: SINGLE (Groundball, 6) (infield hit)
Roberto Chávez to second
Batting: SHB Devin Smith 0-0: Called Strike
0-1: Ball
1-1: Swinging Strike
1-2: Foul Ball, location: 2F
1-2: Fly out, F4 (Line Drive, 4)
Top of the 6th over - 1 run, 4 hits, 0 errors, 2 left on base; Boston 3 - Kansas City 7
BOTTOM OF THE 6TH
Kansas City Kings batting - Pitching for Boston Rebels : LHP Nelson Béltre
Batting: RHB Cy Keynes 0-0: Ball
1-0: Ball
2-0: Ball
3-0: Called Strike
3-1: Base on Balls
Batting: LHB Brian Easdale 0-0: Ball
1-0: Ball
2-0: Ball
3-0: Called Strike
3-1: Reached on error, E6 (Groundball, 6)
Cy Keynes to second
Batting: RHB Chris Chandler 0-0: Foul Ball, location: 2F
0-1: SINGLE (Line Drive, 8LS)
Cy Keynes to third
Brian Easdale to second
Runner from 3rd tries for Home, SAFE, throw made home
Batting: RHB Rafael Carreón 0-0: Ball
1-0: Foul Ball, location: 2F
1-1: Hit by Pitch
Brian Easdale to third
Chris Chandler to second
Batting: SHB Douglas Taylor 0-0: Called Strike
0-1: Swinging Strike
0-2: Ball
1-2: Strikes out looking
Batting: RHB Toshimichi Kono 0-0: Ball
1-0: Grounds into fielders choice 3-2 (Groundball, 3S)
Chris Chandler to third
Rafael Carreón to second
Batting: RHB Dave Parker 0-0: Foul Ball, location: 2F
0-1: Ball
1-1: Ball
Wild Pitch!
Chris Chandler scores
Rafael Carreón to third
Toshimichi Kono to second
2-1: SINGLE (Line Drive, 8RS)
Rafael Carreón scores
Toshimichi Kono to third
Runner from 3rd tries for Home, SAFE, no throw
Batting: LHB Ron Crawford 0-0: Ball
1-0: Fly out, F9 (Flyball, 89M)
Bottom of the 6th over - 4 runs, 2 hits, 1 error, 1 left on base; Boston 3 - Kansas City 11
TOP OF THE 7TH
Boston Rebels batting - Pitching for Kansas City Kings : RHP Luis Vargas
Batting: LHB Paco Córdova 0-0: Called Strike
0-1: Ball
1-1: Ball
2-1: Called Strike
2-2: Ball
3-2: Base on Balls
Pitching: LHP Keith Swanson
Batting: RHB Ken McDonald 0-0: Ball
1-0: Fly out, F2 (Popup, 23F)
Batting: RHB Tony Long 0-0: Ball
1-0: Called Strike
1-1: Swinging Strike
1-2: Hit by Pitch
Paco Córdova to second
Batting: LHB Gabriel Aragón 0-0: Ball
1-0: Foul Ball, location: 2F
1-1: Swinging Strike
1-2: Foul Ball, location: 2F
1-2: Ball
2-2: Foul Ball, location: 2F
2-2: Ball
3-2: Foul Ball, location: 2F
3-2: Foul Ball, location: 2F
3-2: Strikes out looking
Batting: RHB Randy Simons 0-0: Hit by Pitch
Paco Córdova to third
Tony Long to second
Batting: RHB Alfredo Cortéz 0-0: Ball
1-0: Ball
2-0: Ball
3-0: Called Strike
3-1: SINGLE (Groundball, 56D)
Paco Córdova scores
Tony Long to third
Randy Simons to second
Runner from 3rd tries for Home, SAFE, throw made home
Batting: RHB Roberto Chávez 0-0: Called Strike
0-1: Called Strike
0-2: Strikes out swinging
Top of the 7th over - 2 runs, 1 hit, 0 errors, 2 left on base; Boston 5 - Kansas City 11
BOTTOM OF THE 7TH
Kansas City Kings batting - Pitching for Boston Rebels : LHP Nelson Béltre
Batting: LHB Luis González 0-0: Swinging Strike
0-1: Ball
1-1: Ball
2-1: DOUBLE (Flyball, 78D)
Batting: RHB Cy Keynes 0-0: Ball
1-0: Called Strike
1-1: Ball
2-1: Ball
3-1: Foul Ball, location: 2F
3-2: Base on Balls
Pitching: LHP Leonard Horton
Batting: LHB Brian Easdale 0-0: Ball
1-0: Called Strike
1-1: Fly out, F7 (Flyball, 7)
Batting: RHB Chris Chandler 0-0: Ball
1-0: Swinging Strike
1-1: Ball
2-1: Swinging Strike
2-2: Ball
3-2: Foul Ball, location: 2F
3-2: Base on Balls
Luis González to third
Cy Keynes to second
Batting: RHB Rafael Carreón 0-0: Ball
1-0: Called Strike
1-1: Ball
2-1: Ball
3-1: Swinging Strike
3-2: Foul Ball, location: 2F
3-2: Foul Ball, location: 2F
3-2: Base on Balls
Luis González scores
Cy Keynes to third
Chris Chandler to second
Batting: SHB Douglas Taylor 0-0: Called Strike
0-1: Ball
1-1: GRAND SLAM HOME RUN (Flyball, 78XD), Distance : 400 ft
Batting: RHB Toshimichi Kono 0-0: Called Strike
0-1: Ground out 5-3 (Groundball, 56)
Batting: RHB Dave Parker 0-0: Called Strike
0-1: SINGLE (Line Drive, 4MD)
Batting: LHB Ron Crawford 0-0: Foul Ball, location: 2F
0-1: Ball
1-1: Swinging Strike
1-2: Fly out, F4 (Popup, 34)
Bottom of the 7th over - 5 runs, 3 hits, 0 errors, 1 left on base; Boston 5 - Kansas City 16
TOP OF THE 8TH
Boston Rebels batting - Pitching for Kansas City Kings : LHP Keith Swanson
Batting: RHB David Rodríguez 0-0: Called Strike
0-1: Ball
1-1: Foul Ball, location: 2F
1-2: Ground out 5-3 (Groundball, 56)
Batting: SHB Devin Smith 0-0: Ball
1-0: Called Strike
1-1: Ball
2-1: Called Strike
2-2: Ball
3-2: Strikes out swinging
Batting: LHB Paco Córdova 0-0: Ball
1-0: TRIPLE (Line Drive, 8RXD)
Batting: RHB Ken McDonald 0-0: Fly out, F2 (Popup, 23F)
Top of the 8th over - 0 runs, 1 hit, 0 errors, 1 left on base; Boston 5 - Kansas City 16
BOTTOM OF THE 8TH
Kansas City Kings batting - Pitching for Boston Rebels : LHP Leonard Horton
Batting: LHB Luis González 0-0: Called Strike
0-1: Ball
1-1: Ground out U3 (Groundball, 34S)
Batting: RHB Cy Keynes 0-0: Ball
1-0: Called Strike
1-1: Foul Ball, location: 2F
1-2: Strikes out swinging
Batting: LHB Brian Easdale 0-0: SINGLE (Groundball, 6MD)
Batting: RHB Chris Chandler 0-0: Called Strike
Brian Easdale steals 2nd base
0-1: Ball
1-1: SINGLE (Line Drive, 56)
Brian Easdale to third
Runner from 3rd tries for Home, SAFE, throw made home
Chris Chandler to second
Batting: RHB Rafael Carreón 0-0: SINGLE (Groundball, 4MD)
Chris Chandler to third
Runner from 3rd tries for Home, SAFE, no throw
Batting: SHB Douglas Taylor 0-0: SINGLE (Groundball, 6D)
Rafael Carreón to second
Batting: RHB Toshimichi Kono 0-0: Called Strike
0-1: Called Strike
0-2: Foul Ball, location: 2F
0-2: Ball
1-2: Foul Ball, location: 2F
1-2: Ball
2-2: Fly out, F8 (Flyball, 8LXD)
Bottom of the 8th over - 2 runs, 4 hits, 0 errors, 2 left on base; Boston 5 - Kansas City 18
TOP OF THE 9TH
Boston Rebels batting - Pitching for Kansas City Kings : LHP Keith Swanson
Batting: RHB Tony Long 0-0: Ball
1-0: Fly out, F7 (Flyball, 7LD)
Batting: LHB Gabriel Aragón 0-0: Called Strike
0-1: Ball
1-1: Ball
2-1: Ground out 4-3 (Groundball, 4)
Batting: RHB Randy Simons 0-0: Swinging Strike
0-1: Foul Ball, location: 2F
0-2: Ball
1-2: Ball
2-2: Foul Ball, location: 2F
2-2: Foul Ball, location: 2F
2-2: Ball
3-2: Foul Ball, location: 2F
3-2: Ground out 6-3 (Groundball, 6)
Top of the 9th over - 0 runs, 0 hits, 0 errors, 0 left on base; Boston 5 - Kansas City 18
Saturday, April 7th, 2018 - OOTP Baseball 18.8 Build 76